 Dungeon Crawl Stone Soup version 0.31.0-9-g3a7656b989 (webtiles) character file.

Game seed: 14840561035111327090

2749 qw the Skirmisher (level 9, -13/60 (74) HPs)
             Began as a Demigod Hunter on Feb 2, 2024.
             Mangled by a two-headed ogre
             ... wielding a +0 giant club
              (16 damage)
             ... on level 8 of the Dungeon.
             The game lasted 00:00:28 (6155 turns).

qw the Skirmisher (Demigod Hunter)                  Turns: 6155, Time: 00:00:29

HP:   -13/60 (74)   AC:  9    Str: 12    XL:     9   Next: 18%
MP:   11/11         EV: 16    Int: 11    God:
Gold: 323           SH:  0    Dex: 35    Spells: 8/8 levels left

rFire   . . .        b - +1 arbalest
rCold   . . .        (shield currently unavailable)
rNeg    . . .        g - +0 ring mail
rPois   .            c - +1 helmet
rElec   .            (no cloak)
rCorr   .            (no gloves)
SInv    .            f - +0 pair of boots
Will    .....        (no amulet)
Stlth   ++           i - +6 ring of dexterity
HPRegen 0.30/turn    (no ring)
MPRegen 0.12/turn

%: no passive effects
@: slowed, heavily drained, very slow
A: high MP 1, forlorn, divine attributes
a: no special abilities


You were on level 8 of the Dungeon.
You visited 1 branch of the dungeon, and saw 8 of its levels.

You collected 379 gold pieces.
You spent 56 gold pieces at shops.


Innate Abilities, Weirdness & Mutations

You have an increased reservoir of magic. (+10% MP)
You shall have no god before yourself.
Your divine heritage dramatically boosts your attributes as you level up.


   Skills:
 - Level 5.2 Fighting
 + Level 9.6 Ranged Weapons
 - Level 3.4 Armour
 - Level 5.2 Dodging
 - Level 0.8 Stealth


You had 8 spell levels left.
You didn't know any spells.
Your spell library was empty.

Inventory:

Hand Weapons
 b - a +1 arbalest (weapon)
Armour
 c - a +1 helmet (worn)
 f - a +0 pair of boots (worn)
 g - a +0 ring mail (worn)
Jewellery
 i - a +6 ring of dexterity (left hand)
Potions
 a - a potion of cancellation
 d - 2 potions of enlightenment
 h - a potion of might
 j - 2 potions of curing

Dungeon Overview and Level Annotations

Branches:
Dungeon (8/15)             Temple (0/1) D:7
   Lair: D:8-11

Shops:
D:2 [

Annotations:
D:8 Jeremiah


Message History

The bullfrog croaks.
The now-empty wand crumbles to dust.
You hear a shout!
A kobold brigand comes into view.
It is wielding a +0 club and quivering curare-tipped darts.
6149 ||| RETREEEEATING.
The centaur wields a +0 shortbow.
The centaur shoots an arrow.
The arrow misses you.
The centaur shoots an arrow.
The arrow misses you.
You shoot a bolt. The bolt hits the bullfrog.
The bullfrog is moderately wounded.
The centaur shoots an arrow.
The arrow closely misses you.
The kobold brigand throws a curare-tipped dart.
The curare-tipped dart hits you.
You are poisoned.
You have difficulty breathing.
You feel yourself slow down.
The centaur shoots an arrow.
The arrow closely misses you.
6151 ||| RETREEEEATING.
You feel very sick.
You shoot a bolt.
The bolt completely misses the bullfrog.
You feel sick. The bullfrog misses you. x3
You shoot a bolt. The bolt hits the two-headed ogre!
The two-headed ogre is moderately wounded.
You feel very sick.
You are no longer poisoned.
The bullfrog hits you.
The bullfrog hits you but does no damage.
The two-headed ogre completely misses you.
The two-headed ogre misses you.
You shoot a bolt. The bolt hits the bullfrog.
The bullfrog is heavily wounded.
The bullfrog closely misses you. The bullfrog misses you.
The two-headed ogre hits you with a +0 giant club!!
The two-headed ogre hits you with a +0 giant spiked club!
The bullfrog hits you but does no damage.
You shoot a bolt. The bolt misses the bullfrog.
The bullfrog closely misses you. x2; The two-headed ogre misses you.
The two-headed ogre completely misses you.
The bullfrog hits you. The bullfrog barely misses you.
The two-headed ogre hits you with a +0 giant club!
You die...

.# ..~~.[c..~~ .#
......K..~. .#
........~~..
.###............##
..#?....
........#+###
....## #........#
<...b#### #c....#
#.#b..b.#
#OF...#####
..#bbb.b.
#@K.......#
.##.b.F..
#####.....#
..#bbb###
#####.....#
..###%#
#.......###
......# #.......#
####### #.....###
#.....# #.....#
#######


You could see a two-headed ogre, a kobold brigand, a bullfrog and a centaur.

Vanquished Creatures
  Grinder (D:3)
  A wyvern (D:8)
  Eustachio (D:4)
  Edmund (D:6)
  Menkaure (D:4)
  A sky beast (D:4)
  2 orc warriors (D:7)
  A black bear (D:4)
  An ice beast (D:7)
  A centaur (D:5)
  A phantom (D:6)
  2 kobold brigands (D:7)
  A scorpion (D:5)
  3 bullfrogs
  3 howler monkeys (D:7)
  A bombardier beetle (D:5)
  3 hounds
  2 jellies
  2 orc priests
  A gnoll bouda (D:6)
  2 sleepcaps
  Jessica (D:2)
  3 orc wizards
  Natasha (thrice) (D:2)
  2 iguanas
  Robin (D:3)
  10 gnolls (D:7)
  10 adders
  A shadow imp (D:6)
  2 white imps
  2 ufetubi (D:6)
  A ribbon worm (D:2)
  2 dart slugs
  30 orcs
  7 bats
  4 endoplasms
  5 giant cockroaches
  18 goblins
  17 hobgoblins
  21 kobolds
  8 quokkas
  4 ball pythons
  7 frilled lizards
  4 rats
195 creatures vanquished.

Notes
Turn   | Place    | Note
-------+----------+-------------------------------------------
     0 | D:1      | qw the Demigod Hunter began the quest for the Orb.
     0 | D:1      | Reached XP level 1. HP: 17/17 MP: 3/3
     0 | D:1      | 0 ||| qw: Version: 0.3-a-155-g5e7d8dd
     0 | D:1      | 0 ||| qw: Game counter: 371
     0 | D:1      | 0 ||| qw: Melee chars always use a shield: true
     0 | D:1      | 0 ||| qw: God list: Okawaru
     0 | D:1      | 0 ||| qw: Allow faded altars: false
     0 | D:1      | 0 ||| qw: Do Orc after clearing Dungeon:15 true
     0 | D:1      | 0 ||| qw: Do second Lair branch before Depths: true
     0 | D:1      | 0 ||| qw: Lair rune preference: random
     0 | D:1      | 0 ||| qw: Goals: Normal
     0 | D:1      | 0 ||| PLANNING D:1-11
    86 | D:1      | Reached skill level 4 in Ranged Weapons
   107 | D:1      | Reached XP level 2. HP: 14/24 MP: 4/4
   579 | D:1      | 579 ||| DROPPING ring of wizardry.
   580 | D:1      | 580 ||| READING scroll labelled BAXUXZ OZEKE.
   581 | D:1      | 581 ||| READING 3 scrolls labelled WELIKL ATIXEMA.
   582 | D:1      | 582 ||| READING scroll labelled EHUR JATWAUDD.
   582 | D:1      | 582 ||| BRANDING +0 shortbow.
   583 | D:1      | 583 ||| READING scroll labelled XEATUPI IFEOGO.
   583 | D:1      | 583 ||| ENCHANTING +0 shortbow of freezing.
   584 | D:1      | 584 ||| READING scroll labelled JAHETOITEQ.
   585 | D:1      | 585 ||| DRINKING 2 fuming yellow potions.
   586 | D:1      | 586 ||| DROPPING scroll of butterflies.
   587 | D:1      | 587 ||| DROPPING 2 scrolls of summoning.
   630 | D:2      | Reached XP level 3. HP: 29/29 MP: 5/5
   636 | D:2      | 636 ||| READING scroll of enchant weapon.
   636 | D:2      | 636 ||| ENCHANTING +1 shortbow of freezing.
   671 | D:2      | 671 ||| FLEEEEING.
   672 | D:2      | 672 ||| FLEEEEING.
   673 | D:2      | 673 ||| FLEEEEING.
   674 | D:2      | 674 ||| FLEEEEING.
   675 | D:2      | 675 ||| FLEEEEING.
   676 | D:2      | 676 ||| FLEEEEING.
   739 | D:2      | Noticed Natasha
   744 | D:2      | 744 ||| RETREEEEATING.
   747 | D:2      | Killed Natasha
   842 | D:2      | Noticed Natasha
   843 | D:2      | Killed Natasha
   844 | D:2      | Reached skill level 5 in Ranged Weapons
   844 | D:2      | Reached XP level 4. HP: 36/36 MP: 6/6
   884 | D:2      | 884 ||| READING scroll of enchant weapon.
   884 | D:2      | 884 ||| ENCHANTING +2 shortbow of freezing.
   944 | D:2      | Noticed Natasha
   951 | D:2      | Killed Natasha
  1023 | D:2      | Noticed Jessica
  1025 | D:2      | Killed Jessica
  1066 | D:2      | Found Ydaphiv's Armour Shop.
  1075 | D:2      | 1075 ||| BUYING +0 ring mail (56 gold).
  1075 | D:2      | Bought a +0 ring mail for 56 gold pieces
  1075 | D:2      | 1075 ||| SHOPLISTING +3 pair of boots of the Barracuda
                  | {rElec rF+ Int+4} (684 gold, have 1).
  1297 | D:2      | 1297 ||| UPGRADING to +0 pair of boots.
  1302 | D:2      | 1302 ||| UPGRADING to +0 ring mail.
  1312 | D:2      | 1312 ||| DROPPING +0 leather armour.
  1313 | D:2      | 1313 ||| READING scroll labelled XYWUOK KANYVI.
  1332 | D:3      | Noticed Grinder
  1334 | D:3      | 1334 ||| STAIRDANCE
  1338 | D:3      | 1338 ||| STAIRDANCE
  1338 | D:3      | Paralysed by Grinder for 3 turns
  1342 | D:3      | 1342 ||| STAIRDANCE
  1361 | D:3      | Paralysed by Grinder for 5 turns
  1368 | D:3      | Killed Grinder
  1369 | D:3      | Reached skill level 3 in Armour
  1369 | D:3      | Reached XP level 5. HP: 16/41 MP: 7/7
  1369 | D:3      | Reached XP level 6. HP: 19/48 MP: 8/8
  1659 | D:3      | Noticed Robin
  1668 | D:3      | Killed Robin
  1764 | D:3      | Reached skill level 6 in Ranged Weapons
  2337 | D:3      | 2337 ||| UPGRADING to +0 helmet.
  2342 | D:3      | 2342 ||| READING scroll labelled WAYZXE MOZXU.
  2355 | D:4      | Reached skill level 3 in Fighting
  2435 | D:4      | Reached skill level 3 in Dodging
  2435 | D:4      | Reached XP level 7. HP: 30/57 MP: 9/9
  2812 | D:4      | Noticed Eustachio
  2813 | D:4      | Noticed Menkaure
  2818 | D:4      | Killed Menkaure
  2819 | D:4      | Killed Eustachio
  2820 | D:4      | Reached skill level 7 in Ranged Weapons
  3090 | D:4      | 3090 ||| READING scroll labelled YGRIUDIGUK.
  3090 | D:4      | 3090 ||| IDENTIFYING green potion
  3091 | D:4      | 3091 ||| DRINKING 2 dark potions.
  3093 | D:4      | 3093 ||| DROPPING potion of invisibility.
  3111 | D:5      | Entered Level 5 of the Dungeon
  3296 | D:5      | Reached skill level 8 in Ranged Weapons
  3455 | D:5      | Reached XP level 8. HP: 64/64 MP: 10/10
  3525 | D:5      | 3525 ||| READING 2 scrolls of identify.
  3525 | D:5      | 3525 ||| IDENTIFYING emerald potion
  3526 | D:5      | 3526 ||| READING scroll of identify.
  3526 | D:5      | 3526 ||| IDENTIFYING brown potion
  3527 | D:5      | 3527 ||| READING scroll labelled WUEFFI DIKHORIAC.
  3528 | D:5      | 3528 ||| READING scroll labelled PUPRUG HOESKUY.
  3629 | D:5      | 3629 ||| READING scroll labelled LUNTEI ECWY.
  3730 | D:5      | 3730 ||| DROPPING potion of berserk rage.
  3814 | D:6      | Noticed Edmund
  3832 | D:6      | Killed Edmund
  3988 | D:6      | 3988 ||| SWAPPING to +0 arbalest.
  4139 | D:6      | 4139 ||| DROPPING +3 shortbow of freezing.
  4735 | D:6      | 4735 ||| READING scroll of identify.
  4735 | D:6      | 4735 ||| IDENTIFYING puce potion
  4736 | D:6      | 4736 ||| READING scroll labelled PIVYC FETSE.
  4737 | D:6      | 4737 ||| DRINKING 2 fuming ruby potions.
  4765 | D:6      | 4765 ||| DROPPING potion of brilliance.
  4766 | D:6      | 4766 ||| DROPPING potion of lignification.
  4823 | D:7      | 4823 ||| FLEEEEING.
  4824 | D:7      | 4824 ||| FLEEEEING.
  4827 | D:7      | 4827 ||| FLEEEEING.
  4979 | D:7      | 4979 ||| ZAPPING wand of paralysis (7) at 1,6 (kobold
                  | brigand; floor).
  4985 | D:7      | 4985 ||| ZAPPING wand of paralysis (6) at 1,3 (kobold
                  | brigand; floor).
  4989 | D:7      | Reached skill level 9 in Ranged Weapons
  5037 | D:7      | 5037 ||| FLEEEEING.
  5038 | D:7      | 5038 ||| FLEEEEING.
  5039 | D:7      | 5039 ||| FLEEEEING.
  5108 | D:7      | Found a staircase to the Ecumenical Temple.
  5446 | D:7      | Reached XP level 9. HP: 61/74 MP: 11/11
  5446 | D:7      | 5446 ||| FLEEEEING.
  5447 | D:7      | 5447 ||| FLEEEEING.
  5448 | D:7      | 5448 ||| FLEEEEING.
  5449 | D:7      | 5449 ||| FLEEEEING.
  5450 | D:7      | 5450 ||| FLEEEEING.
  5451 | D:7      | 5451 ||| FLEEEEING.
  5452 | D:7      | 5452 ||| FLEEEEING.
  5453 | D:7      | 5453 ||| FLEEEEING.
  5454 | D:7      | 5454 ||| FLEEEEING.
  5455 | D:7      | 5455 ||| FLEEEEING.
  5456 | D:7      | 5456 ||| FLEEEEING.
  5457 | D:7      | 5457 ||| FLEEEEING.
  5458 | D:7      | 5458 ||| FLEEEEING.
  5459 | D:7      | 5459 ||| FLEEEEING.
  5460 | D:7      | 5460 ||| FLEEEEING.
  5461 | D:7      | 5461 ||| FLEEEEING.
  5462 | D:7      | 5462 ||| FLEEEEING.
  5555 | D:7      | 5555 ||| READING scroll of enchant weapon.
  5555 | D:7      | 5555 ||| ENCHANTING +0 arbalest.
  5859 | D:7      | 5859 ||| UPGRADING to +6 ring of dexterity.
  5860 | D:7      | 5860 ||| READING 2 scrolls of identify.
  5860 | D:7      | 5860 ||| IDENTIFYING white potion
  5861 | D:7      | 5861 ||| READING scroll of identify.
  5861 | D:7      | 5861 ||| IDENTIFYING bubbling inky potion
  5862 | D:7      | 5862 ||| READING scroll labelled GIYSAY EZIELL.
  5862 | D:7      | 5862 ||| ENCHANTING +0 helmet.
  5863 | D:7      | 5863 ||| DROPPING potion of attraction.
  5910 | D:8      | Noticed Jeremiah
  5911 | D:8      | 5911 ||| ZAPPING wand of paralysis (5) at -1,-2 (Jeremiah;
                  | floor).
  5915 | D:8      | 5915 ||| RETREEEEATING.
  5924 | D:8      | 5924 ||| ZAPPING wand of paralysis (4) at 1,-2 (Jeremiah;
                  | floor).
  5947 | D:8      | 5947 ||| ZAPPING wand of paralysis (3) at 1,-2 (Jeremiah;
                  | floor).
  5954 | D:8      | HP: 16/64 [Jeremiah/+4 trident of draining (3)]
  5955 | D:8      | 5955 ||| READING scroll of teleportation.
  6146 | D:8      | Noticed a two-headed ogre
  6147 | D:8      | 6147 ||| ZAPPING wand of paralysis (2) at -6,-7 (two-headed
                  | ogre; floor).
  6148 | D:8      | 6148 ||| ZAPPING wand of paralysis (1) at -6,-6 (two-headed
                  | ogre; floor).
  6149 | D:8      | 6149 ||| RETREEEEATING.
  6151 | D:8      | 6151 ||| RETREEEEATING.
  6154 | D:8      | HP: 8/60 [two-headed ogre/+0 giant club (10)]
  6155 | D:8      | HP: 3/60 [bullfrog (5)]
  6155 | D:8      | Mangled by a two-headed ogre

Levels and vault maps discovered:
D:1:      dpeg_arrival_rhombus, layout_rooms, kennysheep_flooded_box,
          roderic_cross_of_infinity
D:2:      layout_basic, serial_shops, shop, uniq_natasha, uniq_jessica
D:3:      layout_loops_corners, mainiacjoe_overflow_six_doors_small,
          guppyfry_early_orc_mine, uniq_grinder, uniq_robin
D:4:      layout_rooms, chei_slow_surprise, marbit_many_paths, uniq_menkaure,
          uniq_eustachio
D:5:      layout_rooms
D:6:      layout_loops_ring, serial_bayou_pond_c, st_stairs_14,
          nicolae_half_adder, uniq_edmund
D:7:      layout_rooms, nicolae_hepliaklqana_hippocampus,
          nicolae_wu_jian_immortal_techniques, minmay_temple_entry_junction_2,
          lightli_bailey_entry_fortress
D:8:      cheibrodos_helix_gallery, layout_basic, serial_shops,
          nicolae_take_the_stairs, uniq_joseph, uniq_erica, uniq_jeremiah

Skill      XL: |  1  2  3  4  5  6  7  8  9 |
---------------+----------------------------+-----
Ranged Weapons | 4 5 6 8 9 |  9.6
Fighting       | 2 3 5 |  5.2
Dodging        | 2 3 4 5 |  5.2
Armour         | 3 |  3.4
Stealth        | |  0.8

Action                     |  1- 3 |  4- 6 |  7- 9 || total
---------------------------+-------+-------+-------++-------
   Fire: Shortbow          |    76 |   128 |   100 ||   304
         Arbalest          |       |       |   158 ||   158
  Evoke: Wand              |       |       |     7 ||     7
    Use: Scroll            |     6 |     3 |    13 ||    22
         Potion            |     1 |       |     2 ||     3
 Armour: Leather armour    |    20 |     3 |       ||    23
         Ring mail         |       |    39 |   119 ||   158
  Dodge: Dodged            |    19 |    36 |   107 ||   162

Table legend:
 A = Non-vault XP
 B = Vault XP
 C = Vault XP percentage of total XP
 D = Non-vault monster count
 E = Vault monster count
 F = Vault count percentage of total count
                 A         B        C        D         E       F
            +---------+---------+-------+---------+---------+-------
      Total |    2856 |    1072 |  27.3 |     151 |      44 |  22.6
            +---------+---------+-------+---------+---------+-------
        D:1 |      44 |       0 |   0.0 |      26 |       0 |   0.0
        D:2 |     103 |      72 |  41.1 |      18 |       2 |  10.0
        D:3 |      57 |     328 |  85.2 |      22 |      19 |  46.3
        D:4 |     368 |     305 |  45.3 |      15 |       3 |  16.7
        D:5 |     464 |       0 |   0.0 |      18 |       0 |   0.0
        D:6 |     354 |     290 |  45.0 |      13 |       8 |  38.1
        D:7 |    1175 |      77 |   6.2 |      37 |      12 |  24.5
        D:8 |     291 |       0 |   0.0 |       2 |       0 |   0.0
            +---------+---------+-------+---------+---------+-------
